 Dungeon Crawl Stone Soup version 0.29-a0-474-gdfe5cd140f (webtiles) character file.

Game seed: 9768748680954558602

115084 ders the Eclecticist (level 17, -3/136 HPs)
             Began as a Djinni Conjurer on May 23, 2022.
             Was a High Priest of Ashenzari.
             Slain by a jumping spider (5 damage)
             ... on level 3 of the Spider Nest.
             The game lasted 00:49:40 (35104 turns).

ders the Eclecticist (Djinni Conjurer)             Turns: 35104, Time: 00:49:40

Health: -3/136     AC: 35    Str: 12    XL:     17   Next: 22%
Gold:   2069       EV:  1    Int: 28    God:    Ashenzari [*****.] SH:  0 Dex: 10

rFire   + + +      SeeInvis +   A - staff of air (curse) {Cun, Self}
rCold   x . .      Faith    .   W - +3 buckler of Moiwiut {SInv}
rNeg    . . .      Spirit   .   C - +0 crystal plate armour of Ashenzari's Secrets {rF+ Str+6 Dex-2, Self, Fort} (curse)
rPois   ∞          Reflect  .   (no helmet)
rElec   +          Harm     .   y - +2 cloak "Manifest Prison" {Stlth+, Self, Range} (curse)
rCorr   .          Rampage  .   l - +0 pair of gloves of the Shattered Sage {Self, Fort} (curse)
Will    +....      Clarity  +   (boots unavailable)
Stlth   ..........              O - amulet of the Gnostic Pleiades {Acrobat, Self, Evo} (curse)
HPRegen 0.32/turn               r - ring "Sun of the Manifest God" {AC+4, Melee, Self} (curse)
MPRegen 0.00/turn               E - ring of the Revealing Altruism {AC+4, Evo, Self} (curse)

@: flying, held
A: sickness immunity, fire resistance 2, cold vulnerability 1, float, innate
caster, HP casting, extra vitality 1
a: Renounce Religion, Curse Item, Shatter the Chains


You were on level 3 of the Spider Nest.
You worshipped Ashenzari.
Ashenzari was extremely pleased with you.
You visited 4 branches of the dungeon, and saw 23 of its levels.
You also visited: Gauntlet.

You collected 2440 gold pieces.
You spent 371 gold pieces at shops.

Inventory:

Hand Weapons
 q - the +2 spear of Ogex {flame, Will+ Int+3}
   (You found it on level 4 of the Dungeon)

   It burns those it strikes, dealing additional fire damage.
   Int:       It affects your intelligence (+3).
   Will:      It increases your willpower.
Missiles
 Y - a throwing net
Armour
 j - a +2 robe of positive energy
 l - the cursed +0 pair of gloves of the Shattered Sage (worn) {Self, Fort}
   (You found it on level 2 of the Dungeon)

   It has a curse which improves the following skills: Introspection: Fighting
   and Spellcasting.
   Fortitude: Armour and Shields.
 w - +5 steam dragon scales
 y - the cursed +2 cloak "Manifest Prison" (worn) {Stlth+, Self, Range}
   (You found it on level 6 of the Lair of Beasts)

   It has a curse which improves the following skills: Introspection: Fighting
   and Spellcasting.
   Ranged Combat: Slings, Bows, Crossbows and Throwing.
 C - the cursed +0 crystal plate armour of Ashenzari's Secrets (worn) {rF+ Str+6 Dex-2, Self, Fort}
   (You acquired it on level 2 of the Lair of Beasts)

   Str:       It affects your strength (+6).
   Dex:       It affects your dexterity (-2).
   rF:        It protects you from fire.
   It has a curse which improves the following skills: Introspection: Fighting
   and Spellcasting.
   Fortitude: Armour and Shields.
 W - the +3 buckler of Moiwiut (worn) {SInv}
   (You found it on level 1 of the Spider Nest)

   SInv:      It lets you see invisible.
Magical Staves
 A - a cursed staff of air (weapon) {Cun, Self}
Jewellery
 r - the cursed ring "Sun of the Manifest God" (left hand) {AC+4, Melee, Self}
   (You found it on level 5 of the Dungeon)

   [ring of protection]

   AC:        It affects your AC (+4).
   It has a curse which improves the following skills: Melee Combat: Short
   Blades, Long Blades, Axes, Maces & Flails, Polearms, Staves and Unarmed
   Combat.
   Introspection: Fighting and Spellcasting.
 D - a +6 ring of dexterity
 E - the cursed ring of the Revealing Altruism (right hand) {AC+4, Evo, Self}
   (You found it on level 9 of the Dungeon)

   [ring of protection]

   AC:        It affects your AC (+4).
   It has a curse which improves the following skills: Evocations: Evocations.
   Introspection: Fighting and Spellcasting.
 G - a ring of resist corrosion
 L - a ring of protection from fire
 O - the cursed amulet of the Gnostic Pleiades (around neck) {Acrobat, Self, Evo}
   (You found it on level 2 of the Lair of Beasts)

   [amulet of the acrobat]

   It increases your evasion while moving and waiting.
   It has a curse which improves the following skills: Introspection: Fighting
   and Spellcasting.
   Evocations: Evocations.
Wands
 v - a wand of acid (14)
 B - a wand of mindburst (7)
 H - a wand of iceblast (5)
 M - a wand of paralysis (4)
 P - a wand of flame (27)
 X - a wand of charming (4)
Scrolls
 a - 9 scrolls of teleportation
 b - 7 scrolls of vulnerability
 d - 5 scrolls of poison
 e - 2 scrolls of torment
 f - 8 scrolls of magic mapping
 g - 13 scrolls of identify
 m - 3 scrolls of fog
 n - 3 scrolls of enchant weapon
 o - 4 scrolls of brand weapon
 t - 3 scrolls of noise
 I - 3 scrolls of fear
 J - 2 scrolls of amnesia
 V - 2 scrolls of summoning
Potions
 c - 10 potions of curing
 h - 7 potions of lignification
 i - 2 potions of resistance
 k - 2 potions of magic
 p - 3 potions of haste
 s - 5 potions of brilliance
 u - 5 potions of flight
 x - 6 potions of attraction
 z - 7 potions of might
 F - a potion of mutation
 K - a potion of cancellation
 R - 5 potions of ambrosia
 U - a potion of heal wounds
Miscellaneous
 Q - a phantom mirror
 S - a condenser vane
 T - a piece from Xom's chessboard (15/15)


   Skills:
 + Level 9.4(17.3) Fighting
 + Level 9.5(12.9) Armour
 - Level 2.1(3.9) Dodging
 - Level 1.5(3.1) Stealth
 + Level 9.4(12.9) Shields
 * Level 19.2(27) Spellcasting


You had 25 spell levels left.
You knew the following spells:

 Your Spells              Type           Power      Damage    Failure   Level
a - Magic Dart            Conj           100%       1d8       0%          1
b - Searing Ray           Conj           100%       2d8       0%          2
c - Dazzling Flash        Conj/Hex       100%       N/A       1%          3
d - Fulminant Prism       Conj/Hex       56%        3d25      1%          4
e - Iskenderun's Mystic   Conj/Tloc      100%       2d19      1%          4
f - Summon Small Mammal   Summ           100%       N/A       0%          1
g - Passwall              Tmut/Erth      93%        N/A       0%          2
h - Call Imp              Summ           100%       N/A       0%          2
i - Summon Lightning Spi  Summ/Air       100%       N/A       1%          4
j - Sticky Flame          Conj/Fire      100%       2d11      1%          4
k - Yara's Violent Unrav  Hex/Tmut       56%        3d21      1%          5
l - Death Channel         Necr           56%        N/A       1%          6
m - Malign Gateway        Summ/Tloc      56%        N/A       8%          7
Your spell library was empty.

Dungeon Overview and Level Annotations

Branches:
Dungeon (12/15)            Temple (0/1) D:7            Lair (6/6) D:9
  Swamp (0/4) Lair:4       Spider (3/4) Lair:3        Slime (0/5) Lair:6
    Orc (2/2) D:12            Elf (0/3) Orc:2       Gauntlet (visited)

Altars:
Ashenzari
Hepliaklqana
Nemelex Xobeh
Qazlal
Sif Muna
Trog
Xom
Yredelemnul
The Shining One
Jiyva

Shops:
D:5 ?   D:6 (   D:7 (   D:8 (   D:9 *   D:10 (   Orc:2 *[?*


Innate Abilities, Weirdness & Mutations

You are immune to sickness and miasma.
You are immune to poison.
Your flesh is very heat resistant. (rF++)
You are vulnerable to cold. (rC-)
You float through the air rather than walking.
You learn spells naturally, not from books.
Your magical power is your life essence.
You have superior vitality. (+4 MHP)


Message History

Your eldritch tentacle barely misses the culicivora.
The jumping spider leaps! x2
The culicivora misses you.
Your eldritch tentacle slaps the culicivora!!
The culicivora dies!
Casting: Iskenderun's Mystic Blast (safe; 1% risk of failure)
Confirm with . or Enter, or press ? or * to list all spells.
Really blast near your eldritch tentacle?
You erupt in a blast of force!
The mystic blast hits your eldritch tentacle.
Your eldritch tentacle is lightly damaged.
The mystic blast hits the jumping spider!!
The jumping spider is severely wounded.
The jumping spider is knocked back by the mystic blast.
The mystic blast hits the spark wasp!!
The spark wasp is moderately wounded.
The spark wasp is knocked back by the mystic blast.
You block the eldritch tentacle's attack. x3
The eldritch tentacle claws you but does no damage.
Casting: Iskenderun's Mystic Blast (safe; 1% risk of failure)
Confirm with . or Enter, or press ? or * to list all spells.
You erupt in a blast of force!
The mystic blast hits the eldritch tentacle segment!!
The eldritch tentacle segment is moderately damaged.
The mystic blast hits the eldritch tentacle but does no damage.
The eldritch tentacle is lightly damaged.
The spark wasp bursts into living lightning!
The living lightning hits you but does no damage.
You resist.
The spark wasp blinks!
You block the spark wasp's attack. The eldritch tentacle slaps you.
The eldritch tentacle freezes you!!!
You feel a terrible chill!
* * * LOW HITPOINT WARNING * * *
The eldritch tentacle claws you but does no damage.
Blink to where?
Press: ? - help, Dir - move target
As you read the scroll of blinking, it crumbles to dust.
The jumping spider pounces on you!
* * * LOW HITPOINT WARNING * * *
You are caught in a web!
The jumping spider bites you.
You die...

* , ,, ,,,,, , , , *
* ............^., ,,
.............,, *
............, ,
#........... ,,,
###........... ,,,
*##.............,, *
##...............,*
#........@s..# * *
*#............## *,
.............# *** ,
##....†........# ,
######.........# *,,
, ,
###............### ,
##y§...s§......... ,,
^*
#^..w.†.##...†....,,,
* ##^.<....##.{......
, ,


You could see an eldritch tentacle and 2 jumping spiders.

Vanquished Creatures
  Rupert (Lair:6)
  Kirke (Spider:2)
  2 emperor scorpions (Spider:2)
  2 ghost moths (Spider:2)
  2 broodmothers (Spider:2)
  5 entropy weavers
  A minotaur (Gauntlet)
  Snorg (D:11)
  2 spark wasps (Spider:2)
  A fire dragon (Lair:6)
  The ghost of Ycirir the Thaumaturge, a journeyman DEEE of Vehumet (Lair:6)
  Josephine (Lair:6)
  2 boulder beetles
  4 hydras
  A rakshasa (D:12)
  An ogre mage (Orc:2)
  A centaur warrior (D:12)
  A jorogumo (Spider:3)
  2 two-headed ogres
  3 radroaches (Spider:2)
  A death knight (D:12)
  3 orc high priests (Orc:2)
  A goliath frog (shapeshifter) (D:12)
  A fire crab (Lair:6)
  3 pharaoh ants (Spider:1)
  2 orb spiders
  5 lindwurms
  A necromancer (Gauntlet)
  A deep elf pyromancer (D:12)
  4 orc knights (Orc:2)
  10 wolf spiders
  3 orc sorcerers (Orc:2)
  3 cyclopes
  An ugly thing (D:12)
  8 moths of wrath
  17 elephants
  A manticore (D:12)
  12 black mambas
  5 torpor snails
  Maurice (Orc:2)
  2 molten gargoyles (Lair:6)
  A gargoyle (D:11)
  13 cane toads
  7 demonic crawlers
  14 komodo dragons
  5 rime drakes
  A queen bee (D:10)
  5 trolls
  3 meliai (Spider:1)
  3 polar bears
  26 tarantellas
  3 hornets (Gauntlet)
  A slime creature (D:6)
  2 dream sheep (Lair:6)
  22 blink frogs
  4 water elementals (D:11)
  16 jumping spiders
  16 culicivoras
  8 wraiths
  A hog (Spider:2)
  46 yaks
  4 wyverns
  A steam dragon (Lair:6)
  5 basilisks
  3 vampire mosquitoes (D:11)
  A warg (Orc:2)
  21 redbacks
  2 acid dragons
  Duvessa (D:5)
  22 water moccasins
  A swamp drake (Lair:4)
  4 hell hounds (Lair:6)
  7 black bears
  2 ice beasts (D:5)
  16 orc warriors
  A sky beast (D:8)
  7 ogres
  23 wolves
  2 centaurs
  3 kobold brigands
  8 bullfrogs
  2 necrophages
  A scorpion (D:7)
  6 wights
  Dowan (D:5)
  28 killer bees
  An electric eel (Lair:2)
  2 howler monkeys (D:5)
  5 lava snakes (Lair:6)
  4 hounds
  15 orc priests
  2 gnoll shamans
  7 jellies
  3 iguanas
  16 hell rats
  20 orc wizards
  10 gnolls
  6 adders
  4 river rats (Lair:5)
  A shadow imp (D:6)
  3 white imps
  3 ufetubi
  4 worms
  7 dart slugs
  57 orcs
  24 endoplasms
  6 giant cockroaches
  8 goblins
  4 hobgoblins
  8 jackals
  24 kobolds
  4 quokkas
  7 ball pythons
  3 bats
  4 frilled lizards
  7 rats
  A spectral hobgoblin (D:1)
  A bush (Lair:6)
  A butterfly (Lair:1)
  A fulminant prism (Gauntlet)
762 creatures vanquished.

Vanquished Creatures (collateral kills)
  An emperor scorpion (Spider:3)
  A boulder beetle (Spider:3)
  A steelbarb worm (Spider:3)
  A wolf spider (Spider:3)
  A moth of wrath (Spider:2)
  A demonic crawler (Spider:3)
  2 culicivoras (Spider:3)
  A redback (Spider:3)
  A steam dragon (D:6)
  A black bear (D:6)
  A bullfrog (D:6)
  An adder (D:6)
13 creatures vanquished.

Vanquished Creatures (others)
  4 eldritch tentacles
  A human (Spider:2)
  A bush (Lair:4)
  388 fulminant prisms
  64 fungi
  65 plants
523 creatures vanquished.

Grand Total: 1298 creatures vanquished

Notes
Turn   | Place    | Note
-------+----------+-------------------------------------------
     0 | D:1      | ders the Djinni Conjurer began the quest for the Orb.
     0 | D:1      | Reached XP level 1. HP: 15/15 MP: 0/0
   228 | D:1      | Reached XP level 2. HP: 18/21 MP: 0/0
   625 | D:1      | Reached XP level 3. HP: 24/25 MP: 0/0
   625 | D:1      | Learned a level 1 spell: Summon Small Mammal
   850 | D:1      | Found a faded altar of an unknown god.
   929 | D:1      | Reached skill level 4 in Spellcasting
  1724 | D:2      | Reached XP level 4. HP: 22/31 MP: 0/0
  2698 | D:3      | Reached XP level 5. HP: 31/35 MP: 0/0
  2698 | D:3      | Learned a level 2 spell: Passwall
  2705 | D:3      | Reached skill level 5 in Spellcasting
  2869 | D:3      | Found a shimmering altar of Xom.
  3091 | D:3      | Found a shimmering altar of Xom.
  3096 | D:3      | Found a shimmering altar of Xom.
  3097 | D:3      | Found a shimmering altar of Xom.
  3100 | D:3      | Found a shimmering altar of Xom.
  3100 | D:3      | Found a shimmering altar of Xom.
  3124 | D:3      | Found a shimmering altar of Xom.
  3164 | D:3      | Reached XP level 6. HP: 40/40 MP: 0/0
  3606 | D:3      | Found a broken altar of Ashenzari.
  3631 | D:3      | Became a worshipper of Ashenzari the Shackled
  3786 | D:4      | Noticed a black bear
  3794 | D:4      | Killed a black bear
  4006 | D:4      | Reached skill level 6 in Spellcasting
  4006 | D:4      | Reached XP level 7. HP: 19/45 MP: 0/0
  4006 | D:4      | Learned a level 2 spell: Call Imp
  4183 | D:4      | Identified the +2 spear of Ogex {flame, Will+ Int+3}
  4954 | D:5      | Entered Level 5 of the Dungeon
  5168 | D:5      | Reached skill level 7 in Spellcasting
  5168 | D:5      | Reached XP level 8. HP: 39/50 MP: 0/0
  5596 | D:5      | Found Peobul's Magic Scroll Boutique.
  5606 | D:5      | Bought a scroll of teleportation for 33 gold pieces
  5737 | D:5      | Noticed Duvessa
  5739 | D:5      | Noticed Dowan
  5743 | D:5      | Killed Dowan
  5744 | D:5      | Killed Duvessa
  5745 | D:5      | Reached skill level 8 in Spellcasting
  6704 | D:6      | Found Lij Sian's Antique Weapon Boutique.
  6835 | D:6      | Reached XP level 9. HP: 52/55 MP: 0/0
  6835 | D:6      | Learned a level 4 spell: Summon Lightning Spire
  6865 | D:6      | Reached skill level 9 in Spellcasting
  7231 | D:6      | Noticed a slime creature
  7587 | D:6      | Killed a slime creature
  7835 | D:7      | Reached skill level 10 in Spellcasting
  8210 | D:7      | Found a staircase to the Ecumenical Temple.
  8590 | D:7      | Reached XP level 10. HP: 53/60 MP: 0/0
  8720 | D:7      | Found Zomaemem's Weapon Boutique.
  8890 | D:7      | Found a stormy altar of Qazlal.
  9124 | D:8      | Found Kofijaot's Weapon Shop.
  9166 | D:8      | Reached skill level 11 in Spellcasting
 10171 | D:9      | Noticed an elephant
 10182 | D:9      | Killed an elephant
 10213 | D:9      | Reached skill level 12 in Spellcasting
 10547 | D:9      | Found a bloodstained altar of Trog.
 10650 | D:9      | Found a basalt altar of Yredelemnul.
 10677 | D:9      | Reached XP level 11. HP: 46/65 MP: 0/0
 10677 | D:9      | Learned a level 4 spell: Sticky Flame
 10848 | D:9      | Found a staircase to the Lair.
 11182 | D:9      | Found Gasakik's General Store.
 11245 | D:9      | Found a sparkling altar of Nemelex Xobeh.
 11345 | Lair:1   | Entered Level 1 of the Lair of Beasts
 11353 | Lair:1   | Reached skill level 13 in Spellcasting
 12912 | Lair:2   | Reached skill level 14 in Spellcasting
 13111 | Lair:2   | Noticed a lindwurm
 13114 | Lair:2   | Noticed a lindwurm
 13120 | Lair:2   | Killed a lindwurm
 13123 | Lair:2   | Killed a lindwurm
 13124 | Lair:2   | Reached XP level 12. HP: 49/70 MP: 0/0
 13547 | Lair:2   | Identified the +0 ring mail of the Yeti {rC+}
 13903 | Lair:2   | Reached * piety under Ashenzari
 13903 | Lair:2   | Identified a scroll of acquirement
 13956 | Lair:2   | Acquired the +0 crystal plate armour of Festooned
                  | Brilliance {rF+ Str+6 Dex-2}
 14056 | Lair:2   | Reached skill level 15 in Spellcasting
 15002 | Lair:2   | Reached ** piety under Ashenzari
 15338 | Lair:3   | Found a hole to the Spider Nest.
 15338 | Lair:3   | Noticed an orb spider
 15344 | Lair:3   | Killed an orb spider
 16390 | Lair:4   | Reached skill level 16 in Spellcasting
 16390 | Lair:4   | Reached XP level 13. HP: 71/75 MP: 0/0
 16390 | Lair:4   | Learned a level 5 spell: Yara's Violent Unravelling
 16745 | Lair:4   | Noticed a four-headed hydra
 16759 | Lair:4   | Killed a four-headed hydra
 17186 | Lair:4   | Reached *** piety under Ashenzari
 17271 | Lair:4   | Noticed a four-headed hydra
 17275 | Lair:4   | Killed a four-headed hydra
 17556 | Lair:4   | Reached skill level 17 in Spellcasting
 18153 | Lair:4   | Found a staircase to the Swamp.
 18729 | Lair:5   | Noticed a five-headed hydra
 18739 | Lair:5   | Killed a five-headed hydra
 19157 | Lair:5   | Reached **** piety under Ashenzari
 19948 | Lair:6   | Entered Level 6 of the Lair of Beasts
 19955 | Lair:6   | Reached XP level 14. HP: 67/83 MP: 0/0
 19984 | Lair:6   | Reached skill level 1 in Armour
 19993 | Lair:6   | Reached skill level 1 in Fighting
 19993 | Lair:6   | Reached skill level 1 in Shields
 20018 | Lair:6   | Noticed Rupert
 20413 | Lair:6   | Paralysed by Rupert for 4 turns
 20419 | Lair:6   | Noticed Josephine
 20434 | Lair:6   | Killed Josephine
 20435 | Lair:6   | Killed Rupert
 21834 | Lair:6   | Reached skill level 18 in Spellcasting
 22416 | Lair:6   | Found a transporter.
 22443 | Lair:6   | Found a transporter.
 22443 | Lair:6   | Noticed Ycirir's ghost (journeyman DEEE)
 22617 | Lair:6   | Found a viscous altar of Jiyva.
 22618 | Lair:6   | Found a staircase to the Slime Pits.
 22758 | Lair:6   | Found a large runed translucent door.
 22758 | Lair:6   | Found a large runed translucent door.
 23393 | Lair:6   | Reached skill level 5 in Fighting
 23393 | Lair:6   | Reached skill level 5 in Armour
 23393 | Lair:6   | Reached skill level 5 in Shields
 23665 | Lair:6   | Killed Ycirir's ghost
 23666 | Lair:6   | Reached XP level 15. HP: 93/110 MP: 0/0
 23666 | Lair:6   | Learned a level 6 spell: Death Channel
 23904 | D:10     | Entered Level 10 of the Dungeon
 23947 | D:10     | Found a hazy altar of Hepliaklqana.
 24048 | D:10     | Found a glowing golden altar of the Shining One.
 24545 | D:10     | Identified the +7 hand axe "Undertaker" {freeze, rC+ rCorr}
 24581 | D:10     | Found Kuethant's Weapon Shop.
 25261 | D:11     | Noticed Snorg
 25266 | D:11     | Killed Snorg
 25629 | D:11     | Reached ***** piety under Ashenzari
 26589 | D:12     | Found a staircase to the Orcish Mines.
 26599 | Orc:1    | Entered Level 1 of the Orcish Mines
 26795 | Orc:2    | Entered Level 2 of the Orcish Mines
 26795 | Orc:2    | Found a gate leading to a gauntlet.
 26802 | Gauntlet | Entered a Gauntlet
 26802 | Gauntlet | Found a transporter.
 26817 | Gauntlet | Found a transporter.
 26820 | Gauntlet | Found a transporter.
 26821 | Gauntlet | Found a transporter.
 26829 | Gauntlet | Found a transporter.
 26832 | Gauntlet | Found a transporter.
 26833 | Gauntlet | Found a transporter.
 26840 | Gauntlet | Found a runed translucent door.
 26843 | Gauntlet | Found a transporter.
 26844 | Gauntlet | Found a transporter.
 26845 | Gauntlet | Found a transporter.
 26853 | Gauntlet | Found a transporter.
 26856 | Gauntlet | Found a transporter.
 26857 | Gauntlet | Found a transporter.
 26868 | Gauntlet | Found a transporter.
 26906 | Gauntlet | Identified the +6 short sword "Omifaph" {vorpal, Fragile
                  | rN+ Dex+5}
 27065 | Gauntlet | Identified the +7 great sword "Secla" {vorpal, rC+ Str+4}
 27155 | Orc:2    | Noticed Maurice
 27375 | Orc:2    | Killed Maurice
 27556 | Orc:2    | Found a staircase to the Elven Halls.
 28728 | Orc:2    | Found Tyipux's Assorted Antiques.
 29113 | Orc:2    | Found Cuanog's Antique Armour Shoppe.
 29115 | Orc:2    | Found Jeheth Liado's Magic Scroll Shop.
 29115 | Orc:2    | Found Dobryica's Assorted Antiques.
 29199 | Orc:2    | Bought a scroll of teleportation for 72 gold pieces
 29199 | Orc:2    | Bought a potion of heal wounds for 120 gold pieces
 29199 | Orc:2    | Bought a scroll labelled ANKOKO EDUQI for 24 gold pieces
 29208 | Orc:2    | Bought a scroll of magic mapping for 84 gold pieces
 29814 | D:12     | Identified the +5 halberd of Fosaron {vorpal, Dex+3}
 30287 | D:5      | Bought a scroll of magic mapping for 38 gold pieces
 30760 | Spider:1 | Entered Level 1 of the Spider Nest
 30772 | Spider:1 | Reached XP level 16. HP: 63/126 MP: 0/0
 31316 | Spider:1 | Identified the +2 leather armour "Zetoshod" {Dex+3}
 31748 | Spider:1 | Identified the +3 buckler of Moiwiut {SInv}
 31817 | Spider:1 | Identified the +6 war axe of Cocytus {vorpal, rF+ Will++
                  | Int+4}
 32190 | Spider:2 | Noticed an emperor scorpion
 32899 | Spider:2 | Killed an emperor scorpion
 33267 | Spider:2 | Noticed an emperor scorpion
 33271 | Spider:2 | Reached skill level 19 in Spellcasting
 33284 | Spider:2 | Killed an emperor scorpion
 33672 | Spider:2 | Noticed Kirke
 33684 | Spider:2 | Killed Kirke
 34001 | Spider:2 | Reached XP level 17. HP: 112/136 MP: 0/0
 34001 | Spider:2 | Learned a level 7 spell: Malign Gateway
 35104 | Spider:3 | HP: 2/136 [jumping spider (10)]
 35104 | Spider:3 | Slain by a jumping spider

Illustrated notes

Levels and vault maps discovered:
D:1:      denvon_arrival_waterhouse, layout_basic,
          dreamdust_ecumenical_altar_drowned_temple, hangedman_feature_mirror
D:2:      layout_basic
D:3:      layout_loops_ring, evilmike_ruin_ashenzari, nicolae_xom_altar_mimics
D:4:      layout_rooms, hangedman_decor_clover_reticule, roderic_lattice_a
D:5:      layout_cave_pods, serial_shops, shop_scrolls, uniq_duvessa
D:6:      lemuel_slime, layout_rooms, serial_shops, nicolae_shop_behind_doors
D:7:      hellmonk_crumbling_castle, layout_basic, marbit_many_paths,
          minmay_temple_entry_glass, serial_shops, nicolae_shop_crystal
D:8:      layout_basic, serial_shops, shop, grunt_ministairs_1
D:9:      layout_roguey, general_overflow_altar,
          mainiacjoe_overflow_small_starburst, nemelex_diamond_rough_becter,
          mainiacjoe_overflow_brackets, david_lair_generic, serial_shops, shop,
          serial_bayou, serial_bayou_shore_b, serial_bayou_pond_d,
          serial_bayou_pond_e, serial_bayou_crossing
D:10:     layout_layer_cave, mainiacjoe_overflow_alcove_1,
          nicolae_hepliaklqana_hippocampus, serial_shops,
          nicolae_shop_bloodbath_and_beyond, minivault_7
D:11:     layout_stronghold, nicolae_underground_beach, uniq_snorg
D:12:     minmay_the_grid_triangle_9x9_recursive_2
          [minmay_the_grid_triangle_9x9_prize_top_heavy,
          minmay_the_grid_triangle_9x9_corrupted_corridor,
          minmay_the_grid_triangle_9x9_shrine,
          minmay_the_grid_triangle_9x9_sprig], layout_irregular_city,
          nicolae_concentric_dashed_squares_wild
Lair:1:   layout_gridlike, lemuel_fruit_fields, grunt_megastairs_5
Lair:2:   layout_cave_pods, fungi_pond_lemuel, minmay_lindwurm_lava
Lair:3:   layout_roguey, nicolae_spider_entry_orb_guardian, serial_bayou_shore_b
Lair:4:   layout_layer_cave, minmay_swamp_entry_reptiles, lemuel_fruit_fields
Lair:5:   hellmonk_ruined_rings, layout_gridlike, kennysheep_abandoned_house
Lair:6:   cheibrodos_lair_end_hotspot, layout_long_grid,
          dpeg_slime_entry_enclosed_altar, gammafunk_ghost_berserking_beasts,
          uniq_rupert, uniq_josephine
Spider:1: layout_spider_delve
Spider:2: layout_spider_delve, nicolae_spider_some_kinda_spiderbox,
          hangedman_spider_tarantella_strand, uniq_kirke
Spider:3: layout_cave_pods, nicolae_spider_jagged_tunnels
Orc:1:    layout_caves, nicolae_shop_overcharged_wands
Orc:2:    grunt_orc_tribal_feast, layout_diamond_mine, gauntlet_entry_generic,
          mines4_lemuel, uniq_maurice

Skill      XL: |  1  2  3  4  5  6  7  8  9 10 11 12 13 14 15 16 |
---------------+-------------------------------------------------+-----
Spellcasting   | 4 5 6 7 8 10 12 14 16 17 18 19 | 19.2
Armour         | 5 7 9 |  9.5
Fighting       | 5 7 9 |  9.4
Shields        | 5 7 9 |  9.4
Dodging        | |  2.1
Stealth        | |  1.5

Action                   |  1- 3 |  4- 6 |  7- 9 | 10-12 | 13-15 | 16-18 || total
-------------------------+-------+-------+-------+-------+-------+-------++-------
Melee: Unarmed           |     1 |       |       |       |       |       ||     1
       Staff             |       |       |       |     3 |     7 |     3 ||    13
 Cast: Magic Dart        |    65 |   119 |   159 |    80 |    75 |    18 ||   516
       Searing Ray       |       |     7 |    17 |    23 |    34 |     6 ||    87
       Fulminant Prism   |       |     2 |    30 |    62 |   222 |    73 ||   389
       Iskenderun's Myst |       |     2 |    10 |    73 |   180 |   136 ||   401
       Summon Lightning  |       |       |     4 |       |     2 |       ||     6
       Yara's Violent Un |       |       |       |       |     4 |       ||     4
       Malign Gateway    |       |       |       |       |       |     5 ||     5
Invok: Curse Item        |       |       |     1 |     2 |     5 |       ||     8
       Shatter the Chain |       |       |       |       |     1 |       ||     1
  Use: Potion            |       |     1 |       |       |     6 |       ||     7
       Scroll            |       |       |       |     1 |     8 |     1 ||    10
Armor: Robe              |       |     7 |     2 |       |       |       ||     9
       Steam dragon scal |       |       |     1 |    10 |       |       ||    11
       Ring mail         |       |       |       |     4 |    28 |       ||    32
       Crystal plate arm |       |       |       |       |    38 |    48 ||    86
Dodge: Dodged            |     3 |    19 |     8 |    22 |    59 |    22 ||   133
Block: Buckler           |       |       |       |       |       |    19 ||    19

Table legend: (Time is in decaauts)
 A = Elapsed time spent in this place.
 B = Non-inter-level travel time spent in this place.
 C = Inter-level travel time spent in this place.
 D = Time resting spent in this place.
 E = Time spent auto-exploring this place.
 F = Levels seen in this place.
 G = Mean time per level.
                   A        B        C        D        E       F      G
               +--------+--------+--------+--------+--------+-----+--------+
         Total |  35124 |  33261 |   1863 |  11262 |  17777 |  24 | 1463.5 |
       Dungeon |  15730 |  14656 |   1074 |   2655 |  10387 |  12 | 1310.8 |
          Lair |  12740 |  12257 |    483 |   5811 |   5190 |   6 | 2123.3 |
   Spider Nest |   3984 |   3789 |    195 |   1561 |   1402 |   3 | 1328.0 |
  Orcish Mines |   2386 |   2277 |    109 |   1194 |    672 |   2 | 1193.0 |
      Gauntlet |    282 |    282 |      0 |     40 |    125 |   1 |  282.0 |
               +--------+--------+--------+--------+--------+-----+--------+

Top non-repeatable levels by time:
  Lair:6: 3224 daAuts
  Lair:4: 2402 daAuts
  Lair:2: 2176 daAuts
   Orc:2: 1971 daAuts
     D:5: 1908 daAuts
Spider:1: 1875 daAuts
  Lair:3: 1677 daAuts
  Lair:1: 1650 daAuts
     D:9: 1616 daAuts
  Lair:5: 1609 daAuts
Spider:2: 1430 daAuts
    D:10: 1427 daAuts
     D:1: 1373 daAuts
     D:7: 1325 daAuts
     D:3: 1306 daAuts
